 Dungeon Crawl Stone Soup version 0.23-a0-612-gcb482e9 (webtiles) character file.

987 Leeroy the Charmwright (level 8, -5/63 HPs)
             Began as a Gnoll Skald on Dec 21, 2018.
             Shot with an arrow by a centaur (12 damage)
             ... on level 5 of the Dungeon.
             The game lasted 00:17:17 (4772 turns).

Leeroy the Charmwright (Gnoll Skald)                Turns: 4772, Time: 00:17:18

Health: -5/63      AC:  5    Str: 16    XL:     8   Next: 18%
Magic:  11/16      EV: 15    Int: 18    God:
Gold:   181        SH:  0    Dex: 16    Spells: 7/18 levels left

rFire    . . .     SeeInvis .   g - +2 dagger (elec)
rCold    . . .     Gourm    .   (no shield)
rNeg     . . .     Faith    .   b - +0 leather armour
rPois    .         Spirit   .   q - +0 helmet
rElec    .         Reflect  .   (no cloak)
rCorr    .         Harm     .   X - +0 pair of gloves
MR       .....                  (no boots)
Stlth    +++.......             (no amulet)
HPRegen  1.20/turn              (no ring)
MPRegen  0.15/turn              (no ring)

@: regenerating
A: distributed training, fangs 1, thin skeletal structure 1, strong 1, strong
nose
a: no special abilities


You were on level 5 of the Dungeon.
You were not hungry.

You visited 2 branches of the dungeon, and saw 6 of its levels.

You collected 241 gold pieces.
You spent 60 gold pieces at shops.

Inventory:

Hand Weapons
 a - a +0 falchion
 c - a +0 dagger
 e - a +0 hunting sling
 g - a +2 dagger of electrocution (weapon)
 p - a +1 short sword of draining
 s - a +0 hand axe
 t - a +0 longbow
 A - a +0 spear
 E - a +0 flail
 J - a -2 hunting sling
 P - a +0 battleaxe
 S - a +2 dire flail of protection
 U - a +0 rapier
Missiles
 i - 140 stones (quivered)
 v - 17 bolts
 y - 42 sling bullets
 R - 4 javelins
 T - 2 tomahawks
Armour
 b - a +0 leather armour (worn)
 h - a +0 scale mail
 q - a +0 helmet (worn)
 F - a +0 ring mail
 G - a +0 chain mail
 X - a +0 pair of gloves (worn)
Jewellery
 j - a +3 ring of protection {unknown}
 k - a cursed amulet of inaccuracy {unknown}
 m - a +3 ring of strength {unknown}
 o - an uncursed ring of fire {unknown}
 x - a +6 amulet of reflection {unknown}
 H - an uncursed ring of see invisible {unknown}
Wands
 Q - a wand of enslavement (13)
 Y - a wand of iceblast (10)
Scrolls
 l - 3 scrolls of teleportation
 B - 2 scrolls of amnesia
 C - a scroll of fear {unknown}
 K - a scroll of immolation {unknown}
 L - a scroll of enchant armour {unknown}
 V - a scroll of enchant weapon {unknown}
Potions
 f - 2 potions of mutation
 n - 3 potions of lignification {unknown}
 r - 2 potions of degeneration {unknown}
 u - 2 potions of agility {unknown}
 w - a potion of haste {unknown}
 z - 2 potions of curing {unknown}
 D - 3 potions of brilliance {unknown}
 I - 3 potions of flight {unknown}
 M - a potion of magic {unknown}
 O - 2 potions of might {unknown}
Comestibles
 d - 9 rations
 W - 4 chunks of flesh


   Skills:
 + Level 5.5 Fighting
 + Level 3.0 Short Blades
 + Level 5.5 Long Blades
 + Level 3.0 Axes
 + Level 3.0 Maces & Flails
 + Level 3.0 Polearms
 + Level 3.0 Staves
 + Level 3.0 Slings
 + Level 3.0 Bows
 + Level 3.0 Crossbows
 + Level 3.0 Throwing
 + Level 4.0 Armour
 + Level 5.5 Dodging
 + Level 3.0 Stealth
 + Level 3.0 Shields
 + Level 3.0 Unarmed Combat
 + Level 5.8 Spellcasting
 + Level 2.4 Conjurations
 + Level 2.4 Hexes
 + Level 6.0 Charms
 + Level 2.4 Summonings
 + Level 2.4 Necromancy
 + Level 2.4 Translocations
 + Level 2.4 Transmutations
 + Level 2.4 Fire Magic
 + Level 2.4 Ice Magic
 + Level 2.4 Air Magic
 + Level 2.4 Earth Magic
 + Level 2.4 Poison Magic
 + Level 3.2 Invocations
 + Level 3.0 Evocations


You had 7 spell levels left.
You knew the following spells:

 Your Spells              Type           Power        Failure   Level  Hunger
a - Infusion              Chrm           ####         1%          1    None
b - Song of Slaying       Chrm           ####....     1%          2    None
c - Shroud of Golubria    Chrm/Tloc      ###.......   3%          2    None
d - Regeneration          Chrm/Necr      ###.......   8%          3    ##.....
e - Spectral Weapon       Hex/Chrm       ###.....     8%          3    ##.....

Your spell library contained the following spells:

 Spells                   Type           Power        Failure   Level  Hunger


Dungeon Overview and Level Annotations

Branches:
Dungeon (5/15)             Temple (1/1) D:4

Altars:
Ashenzari
Cheibriados
Dithmenos
Elyvilon
Fedhas
Gozag
Kikubaaqudgha
Makhleb
Qazlal
Ru
Trog
Uskayaw
Wu Jian
Xom
Yredelemnul
Zin

Shops:
D:4 :![(

Annotations:
D:3 1 runed door, MisterFreud's ghost, amateur HuWn
D:5 Pikel


Innate Abilities, Weirdness & Mutations

Your experience applies equally to all skills.
You have very sharp teeth.
Your uncanny sense of smell can sniff out nearby items.
You have a somewhat thin skeletal structure. (Dex +2, Stealth)
Your muscles are strong. (Str +2)


Message History

Your spectral weapon shares its damage with you!
Your spectral weapon fades away.
The centaur hits you!
* * * LOW HITPOINT WARNING * * *
Your shroud falls apart!
The centaur misses you.
Pikel hits you with a +2 whip of flaming.
* * * LOW HITPOINT WARNING * * *
Pikel burns you.
* * * LOW HITPOINT WARNING * * *
Unknown command.
You feel much better. The centaur closely misses you. Pikel closely misses you.
The slave hits you!
* * * LOW HITPOINT WARNING * * *
The centaur barely misses you.
The centaur wields a +0 shortbow.
The centaur shoots an arrow.
The arrow hits you!
* * * LOW HITPOINT WARNING * * *
The slave barely misses you.
The centaur shoots an arrow.
The arrow hits you!
You die...

....###.............##..####
..................####.....#
............................
......p.(.(..)...##........
..#.............##........
###...K.......##........
#...pc(#.....##........
#.(..p.##....>.........
#(...p@########.......)
#.....(# #........ ########
#........ #........
#........ ##....... ##.....#
#######


You could see Pikel, 4 slaves and a centaur.

Vanquished Creatures
  Edmund (D:5)
  Duvessa (D:5)
  A sky beast (D:4)
  An ogre (D:5)
  Blork the orc (D:4)
  Dowan (D:5)
  2 howler monkeys
  A hound (D:4)
  An orc priest (D:5)
  Ijyb (D:5)
  Terence (D:2)
  3 orc wizards
  2 worker ants
  A hound skeleton (D:5)
  2 adders
  An ooze (D:1)
  An adder skeleton (D:4)
  3 worms
  4 dart slugs
  4 leopard geckos
  9 orcs
  A ball python (D:2)
  7 giant cockroaches
  9 goblins
  3 hobgoblins
  3 jackals (D:1)
  2 quokkas
  10 bats
  5 frilled lizards
  9 kobolds
  9 rats
  A bush (D:1)
  A plant (D:1)
102 creatures vanquished.

Vanquished Creatures (others)
  2 withered plants (D:3)
2 creatures vanquished.

Grand Total: 104 creatures vanquished

Notes
Turn   | Place    | Note
-------+----------+-------------------------------------------
     0 | D:1      | Leeroy the Gnoll Skald began the quest for the Orb.
     0 | D:1      | Reached XP level 1. HP: 20/20 MP: 6/6
   104 | D:1      | Reached XP level 2. HP: 14/26 MP: 7/7
   118 | D:1      | HP: 1/26 [leopard gecko (3)]
   132 | D:1      | HP: 1/26 [leopard gecko (2)]
   611 | D:1      | Reached XP level 3. HP: 31/31 MP: 9/9
   616 | D:1      | Learned a level 2 spell: Song of Slaying
   619 | D:1      | Learned a level 2 spell: Shroud of Golubria
   623 | D:1      | Learned a level 3 spell: Regeneration
   627 | D:1      | Learned a level 3 spell: Spectral Weapon
   679 | D:1      | Reached skill level 5 in Spellcasting
  1058 | D:2      | Reached skill level 1 in Invocations
  1160 | D:2      | Reached skill level 1 in Short Blades
  1160 | D:2      | Reached skill level 1 in Axes
  1160 | D:2      | Reached skill level 1 in Maces & Flails
  1160 | D:2      | Reached skill level 1 in Polearms
  1160 | D:2      | Reached skill level 1 in Staves
  1160 | D:2      | Reached skill level 1 in Slings
  1160 | D:2      | Reached skill level 1 in Bows
  1160 | D:2      | Reached skill level 1 in Crossbows
  1160 | D:2      | Reached skill level 1 in Throwing
  1160 | D:2      | Reached skill level 1 in Stealth
  1160 | D:2      | Reached skill level 1 in Shields
  1160 | D:2      | Reached skill level 1 in Unarmed Combat
  1160 | D:2      | Reached skill level 1 in Evocations
  1175 | D:2      | Reached XP level 4. HP: 26/38 MP: 11/11
  1201 | D:2      | Noticed Terence
  1616 | D:2      | Killed Terence
  1616 | D:2      | Reached skill level 1 in Conjurations
  1616 | D:2      | Reached skill level 1 in Hexes
  1616 | D:2      | Reached skill level 1 in Summonings
  1616 | D:2      | Reached skill level 1 in Necromancy
  1616 | D:2      | Reached skill level 1 in Translocations
  1616 | D:2      | Reached skill level 1 in Transmutations
  1616 | D:2      | Reached skill level 1 in Fire Magic
  1616 | D:2      | Reached skill level 1 in Ice Magic
  1616 | D:2      | Reached skill level 1 in Air Magic
  1616 | D:2      | Reached skill level 1 in Earth Magic
  1616 | D:2      | Reached skill level 1 in Poison Magic
  1616 | D:2      | Reached XP level 5. HP: 41/43 MP: 9/12
  1843 | D:3      | Found a runed door.
  1843 | D:3      | Noticed MisterFreud's ghost (amateur HuWn)
  2626 | D:4      | Gained mutation: Your muscles are strong. (Str +2) [potion
                  | of mutation]
  2626 | D:4      | Gained mutation: You have a somewhat thin skeletal
                  | structure. (Dex +2, Stealth) [potion of mutation]
  2638 | D:4      | Found Xismeut's Antique Armour Emporium.
  2711 | D:4      | Found a staircase to the Ecumenical Temple.
  2722 | Temple   | Entered the Ecumenical Temple
  3016 | D:4      | Found Gerchal's General Store.
  3123 | D:4      | Found Onneadoh's Distillery.
  3131 | D:4      | Bought a potion of heal wounds for 60 gold pieces
  3136 | D:4      | Noticed Blork the orc
  3193 | D:4      | Found Siseum's Book Shop.
  3272 | D:4      | Killed Blork the orc
  3272 | D:4      | Reached XP level 6. HP: 36/50 MP: 4/14
  3398 | D:4      | Reached skill level 5 in Fighting
  3398 | D:4      | Reached skill level 5 in Long Blades
  3398 | D:4      | Reached skill level 5 in Dodging
  3485 | D:4      | Found Totat's Antique Weapon Boutique.
  3585 | D:5      | Entered Level 5 of the Dungeon
  3596 | D:5      | Noticed a sky beast
  4010 | D:4      | Killed a sky beast
  4010 | D:4      | Reached XP level 7. HP: 33/56 MP: 2/15
  4206 | D:5      | Noticed Edmund
  4221 | D:5      | Killed Edmund
  4239 | D:5      | Noticed Dowan
  4242 | D:5      | Noticed Duvessa
  4585 | D:5      | Killed Duvessa
  4606 | D:5      | Reached XP level 8. HP: 47/63 MP: 7/16
  4608 | D:5      | Reached skill level 6 in Charms
  4621 | D:5      | Killed Dowan
  4742 | D:5      | Noticed Ijyb
  4752 | D:5      | Killed Ijyb
  4760 | D:5      | Noticed Pikel
  4772 | D:5      | Shot with an arrow by a centaur

Vault maps used:
D:1:      saegor_arrival_simple_a, serial_forest, infiniplex_forest_lined_2,
          infiniplex_forest_clump_cross, infiniplex_forest_lined_room_2,
          infiniplex_forest_lined_corner, infiniplex_forest_lined_2
D:2:      first_ration, minmay_tetromino_t4, uniq_terence
D:3:      gammafunk_ghost_grave
D:4:      minmay_temple_entry_glassed_door, serial_shops, shop,
          nicolae_shop_crystal, nicolae_shop_overgrown_old_shop,
          nicolae_shop_temple_entry_statues_fountains, shop, uniq_blork_the_orc
D:5:      uniq_ijyb, uniq_pikel, uniq_edmund, uniq_duvessa
Temple:   regret_index_temple_sphere_string

Skill      XL: |  1  2  3  4  5  6  7  8 |
---------------+-------------------------+-----
Spellcasting   | 5 |  5.8
Invocations    | 1 2 3 |  3.2
Short Blades   | 1 2 3 |  3.0
Axes           | 1 2 3 |  3.0
Maces & Flails | 1 2 3 |  3.0
Polearms       | 1 2 3 |  3.0
Staves         | 1 2 3 |  3.0
Slings         | 1 2 3 |  3.0
Bows           | 1 2 3 |  3.0
Crossbows      | 1 2 3 |  3.0
Throwing       | 1 2 3 |  3.0
Stealth        | 1 2 3 |  3.0
Shields        | 1 2 3 |  3.0
Unarmed Combat | 1 2 3 |  3.0
Evocations     | 1 2 3 |  3.0
Conjurations   | 1 2 |  2.4
Hexes          | 1 2 |  2.4
Summonings     | 1 2 |  2.4
Necromancy     | 1 2 |  2.4
Translocations | 1 2 |  2.4
Transmutations | 1 2 |  2.4
Fire Magic     | 1 2 |  2.4
Ice Magic      | 1 2 |  2.4
Air Magic      | 1 2 |  2.4
Earth Magic    | 1 2 |  2.4
Poison Magic   | 1 2 |  2.4
Armour         | 3 4 |  4.0
Fighting       | 5 |  5.5
Long Blades    | 5 |  5.5
Dodging        | 5 |  5.5
Charms         | 6 |  6.0

Action                   |  1- 3 |  4- 6 |  7- 9 || total
-------------------------+-------+-------+-------++-------
Melee: Falchion          |    56 |       |       ||    56
       Bite              |    14 |    13 |     6 ||    33
       Dagger            |    99 |   148 |    19 ||   266
       Punch             |     1 |     1 |       ||     2
       Short sword       |       |    10 |    32 ||    42
Throw: Stone             |       |     3 |       ||     3
 Cast: Infusion          |     2 |       |       ||     2
       Spectral Weapon   |       |     6 |     4 ||    10
       Regeneration      |       |     4 |     2 ||     6
       Shroud of Golubri |       |     2 |     2 ||     4
  Use: Scroll            |     1 |     2 |     3 ||     6
       Potion            |       |     1 |     1 ||     2
 Stab: Sleeping          |       |     8 |       ||     8
  Eat: Chunk             |     1 |     6 |     1 ||     8
       Ration            |       |     1 |     1 ||     2
Armor: Leather armour    |    42 |    33 |     6 ||    81
Dodge: Dodged            |   127 |    78 |    36 ||   241
       Rpst.: Falchion   |    20 |       |       ||    20

Table legend:
 A = Non-vault XP
 B = Vault XP
 C = Vault XP percentage of total XP
 D = Non-vault monster count
 E = Vault monster count
 F = Vault count percentage of total count
                 A         B        C        D         E       F
            +---------+---------+-------+---------+---------+-------
      Total |     836 |     574 |  40.7 |      92 |       8 |   8.0
            +---------+---------+-------+---------+---------+-------
        D:1 |      55 |       0 |   0.0 |      24 |       0 |   0.0
        D:2 |      74 |      39 |  34.5 |      23 |       3 |  11.5
        D:3 |      38 |       0 |   0.0 |      21 |       0 |   0.0
        D:4 |     291 |     100 |  25.6 |      11 |       1 |   8.3
        D:5 |     378 |     435 |  53.5 |      13 |       4 |  23.5
            +---------+---------+-------+---------+---------+-------
